 Dungeon Crawl Stone Soup version 0.30.0-29-ga12c61a403 (webtiles) character file.

Game seed: 6040414408213056852

1577 qw the Cleaver (level 8, -2/51 HPs)
             Began as a Gargoyle Fighter on June 3, 2023.
             Was an Initiate of Okawaru.
             Slain by a boulder beetle (11 damage)
             ... on level 6 of the Dungeon.
             The game lasted 00:02:10 (4552 turns).

qw the Cleaver (Gargoyle Fighter)                   Turns: 4552, Time: 00:02:11

Health: -2/51      AC: 19    Str: 21    XL:     8   Next: 91%
Magic:  8/8        EV: 10    Int: 10    God:    Okawaru [......]
Gold:   281        SH:  4    Dex: 12    Spells: 7/7 levels left

rFire   . . .        m - +0 war axe (spect)
rCold   . . .        c - +0 buckler
rNeg    + . .        b - +0 scale mail
rPois   inf          (no helmet)
rElec   +            j - +2 cloak
rCorr   .            (no gloves)
SInv    .            (no boots)
Will    .....        (no amulet) Stlth
                     a - ring "Zerghum" {Wiz rPois Dex+3 Slay+3}
HPRegen 0.28/turn    o - +4 ring of protection
MPRegen 0.11/turn

%: wizardry (x1)
@: about to teleport
A: sickness immunity, AC +5, negative energy resistance 1, electricity
resistance, torment resistance 1, petrification resistance
a: Renounce Religion


You were on level 6 of the Dungeon.
You worshipped Okawaru.
Okawaru was noncommittal.
You visited 2 branches of the dungeon, and saw 7 of its levels.

You collected 281 gold pieces.


Innate Abilities, Weirdness & Mutations

You are immune to sickness and miasma.
Your stone body is resilient. (AC +5)
You are immune to poison.
You resist negative energy. (rN+)
You are resistant to electric shocks. (rElec)
You are resistant to unholy torment.
You are immune to petrification.


   Skills:
 - Level 6.0 Fighting
 - Level 9.0 Axes
 - Level 3.2 Armour
 - Level 1.4 Dodging
 + Level 3.2 Shields


You had 7 spell levels left.
You didn't know any spells.
Your spell library was empty.

Inventory:

Hand Weapons
 m - a +0 spectral war axe (weapon)
 q - a +0 morningstar
Armour
 b - a +0 scale mail (worn)
 c - a +0 buckler (worn)
 j - a +2 cloak (worn)
Jewellery
 a - the ring "Zerghum" (left hand) {Wiz rPois Dex+3 Slay+3}
   (You acquired it on level 1 of the Dungeon)

   [ring of wizardry]

   It improves your spell success rate.
   Dex:       It affects your dexterity (+3).
   Slay:      It affects your accuracy & damage with ranged weapons and melee
   (+3).
   rPois:     It protects you from poison.
 o - a +4 ring of protection (right hand)
 p - a ring of protection from cold
Scrolls
 g - 2 scrolls of identify
 i - a scroll of teleportation
Potions
 d - a potion of might
 f - 5 potions of curing
 h - 2 potions of mutation
 n - a potion of cancellation

Dungeon Overview and Level Annotations

Branches:
Dungeon (6/15)             Temple (1/1) D:5

Altars:
Ashenzari
Dithmenos
Elyvilon
Fedhas
Gozag
Hepliaklqana
Kikubaaqudgha
Makhleb
Nemelex Xobeh
Okawaru
Ru
Sif Muna
Trog
Uskayaw
Vehumet
Wu Jian
Xom
Yredelemnul
The Shining One


Message History

You hit the boulder beetle but do no damage.
The boulder beetle is lightly wounded.
The boulder beetle misses you.
The boulder beetle bites you but does no damage.
You barely miss the boulder beetle.
The boulder beetle is lightly wounded.
The boulder beetle closely misses you.
You hit the boulder beetle but do no damage.
The boulder beetle is lightly wounded.
The boulder beetle bites you but does no damage.
You hit the boulder beetle.
The boulder beetle is lightly wounded.
You block the boulder beetle's attack.
You hit the boulder beetle but do no damage.
The boulder beetle is lightly wounded.
The boulder beetle waves its antennae.
You block the boulder beetle's attack.
You hit the boulder beetle but do no damage.
The boulder beetle is lightly wounded.
The boulder beetle barely misses you.
You hit the boulder beetle but do no damage.
The boulder beetle is lightly wounded.
You block the boulder beetle's attack.
You barely miss the boulder beetle.
The boulder beetle is lightly wounded.
The boulder beetle closely misses you.
You slash the boulder beetle!
The boulder beetle is moderately wounded.
The boulder beetle bites you!
You hit the boulder beetle.
The boulder beetle is moderately wounded.
The boulder beetle bites you!
4551 ||| READING 2 scrolls of teleportation.
As you read the scroll of teleportation, it crumbles to dust.
You feel strangely unstable. You block the boulder beetle's attack.
You slash the boulder beetle!
The boulder beetle is heavily wounded.
The boulder beetle bites you!
You die...

.[## #........
..... ##......#
#.... #.......#
.... ##......## ..#
##.###...# #.##
##.## ##..# #.##
##.## #..## ##.##
##..# ##....
##@###..## ###.....
##B....####..#####
#######.....%<...##
#.........#.....##
#..###############


You could see a boulder beetle.

Vanquished Creatures
  A water moccasin (D:5)
  A sky beast (D:5)
  A black bear (D:5)
  2 ice beasts
  3 ogres
  A centaur (D:4)
  A bullfrog (D:6)
  3 scorpions
  A howler monkey (D:6)
  A jelly (D:5)
  2 orc priests (D:4)
  5 hounds
  An iguana (D:5)
  2 orc wizards
  A gnoll (D:1)
  6 adders
  2 shadow imps (D:5)
  2 worms
  6 dart slugs
  15 orcs
  3 endoplasms
  3 giant cockroaches
  7 hobgoblins
  12 kobolds
  2 quokkas
  6 ball pythons
  5 bats
  A frilled lizard (D:1)
  5 goblins
  6 rats
107 creatures vanquished.

Notes
Turn   | Place    | Note
-------+----------+-------------------------------------------
     0 | D:1      | qw the Gargoyle Fighter began the quest for the Orb.
     0 | D:1      | Reached XP level 1. HP: 14/14 MP: 1/1
     0 | D:1      | 0 ||| qw: Version: 0.2-a-103-g5a998e5
     0 | D:1      | 0 ||| qw: Game counter: 1088
     0 | D:1      | 0 ||| qw: Always use a shield: true
     0 | D:1      | 0 ||| qw: God list: Okawaru
     0 | D:1      | 0 ||| qw: Allow faded altars: false
     0 | D:1      | 0 ||| qw: Do Orc after D:15 true
     0 | D:1      | 0 ||| qw: Do second Lair branch before Depths: true
     0 | D:1      | 0 ||| qw: Lair rune preference: random
     0 | D:1      | 0 ||| qw: Plans: Normal, Zot:1-4, Slime:5, God:TSO, Crypt,
                  | Tomb, Pan, Hells, Abyss, Win
     0 | D:1      | 0 ||| PLANNING D:1-11
    32 | D:1      | 32 ||| Stepping ~*~*~tactically~*~*~ (hiding).
    34 | D:1      | 34 ||| Stepping ~*~*~tactically~*~*~ (hiding).
    36 | D:1      | 36 ||| Stepping ~*~*~tactically~*~*~ (hiding).
    39 | D:1      | Reached skill level 2 in Axes
    46 | D:1      | Reached XP level 2. HP: 19/19 MP: 2/2
    72 | D:1      | 72 ||| FLEEEEING.
    73 | D:1      | 73 ||| FLEEEEING.
    74 | D:1      | 74 ||| FLEEEEING.
    75 | D:1      | 75 ||| FLEEEEING.
    76 | D:1      | 76 ||| FLEEEEING.
    77 | D:1      | 77 ||| FLEEEEING.
    78 | D:1      | 78 ||| FLEEEEING.
    79 | D:1      | 79 ||| FLEEEEING.
    80 | D:1      | 80 ||| FLEEEEING.
    81 | D:1      | 81 ||| FLEEEEING.
    82 | D:1      | 82 ||| FLEEEEING.
   156 | D:1      | 156 ||| Stepping ~*~*~tactically~*~*~ (hiding).
   354 | D:1      | Reached skill level 3 in Axes
   354 | D:1      | Reached XP level 3. HP: 11/23 MP: 3/3
   367 | D:1      | 367 ||| Stepping ~*~*~tactically~*~*~ (stealth).
   369 | D:1      | 369 ||| Stepping ~*~*~tactically~*~*~ (stealth).
   370 | D:1      | 370 ||| Stepping ~*~*~tactically~*~*~ (stealth).
   371 | D:1      | 371 ||| Stepping ~*~*~tactically~*~*~ (stealth).
   376 | D:1      | 376 ||| Stepping ~*~*~tactically~*~*~ (stealth).
   379 | D:1      | 379 ||| Stepping ~*~*~tactically~*~*~ (stealth).
   380 | D:1      | 380 ||| Stepping ~*~*~tactically~*~*~ (stealth).
   384 | D:1      | 384 ||| Stepping ~*~*~tactically~*~*~ (stealth).
   405 | D:1      | 405 ||| DROPPING +0 whip.
   774 | D:1      | 774 ||| Stepping ~*~*~tactically~*~*~ (stealth).
   926 | D:1      | 926 ||| UPGRADING to +0 cloak.
   931 | D:1      | 931 ||| READING scroll labelled LUELIU FATSI.
  1032 | D:1      | 1032 ||| READING scroll labelled MERIHYMYOL.
  1032 | D:1      | Identified a scroll of acquirement
  1032 | D:1      | 1032 ||| ACQUIRING ring "Zerghum" {Wiz rPois Dex+3 Slay+3}
  1032 | D:1      | Acquired the ring "Zerghum" {Wiz rPois Dex+3 Slay+3}
  1034 | D:1      | 1034 ||| UPGRADING to ring "Zerghum" {Wiz rPois Dex+3
                  | Slay+3}.
  1035 | D:1      | 1035 ||| READING 2 scrolls labelled NOT ATYRCHOCAEKE.
  1036 | D:1      | 1036 ||| READING scroll of enchant armour.
  1036 | D:1      | 1036 ||| ENCHANTING +0 cloak.
  1037 | D:1      | 1037 ||| READING 2 scrolls labelled JEYWIPL MUURE.
  1040 | D:1      | 1040 ||| READING scroll labelled MOHOSE QAIPT.
  1041 | D:1      | 1041 ||| READING scroll labelled BEDGHE LAVIJ.
  1134 | D:2      | Reached XP level 4. HP: 28/28 MP: 4/4
  1253 | D:2      | Reached skill level 4 in Axes
  1264 | D:2      | 1264 ||| Stepping ~*~*~tactically~*~*~ (stealth).
  1286 | D:2      | 1286 ||| Stepping ~*~*~tactically~*~*~ (hiding).
  1290 | D:2      | 1290 ||| Stepping ~*~*~tactically~*~*~ (hiding).
  1582 | D:2      | 1582 ||| UPGRADING to ring of protection from cold.
  1583 | D:2      | 1583 ||| READING scroll labelled GUSOEM USIL.
  1584 | D:2      | 1584 ||| READING scroll labelled FIHUEJOTUANK.
  1585 | D:2      | 1585 ||| READING 2 scrolls of identify.
  1585 | D:2      | 1585 ||| IDENTIFYING silvery potion
  1616 | D:3      | Found a blossoming altar of Fedhas.
  1732 | D:3      | 1732 ||| Stepping ~*~*~tactically~*~*~ (hiding).
  1802 | D:3      | 1802 ||| Stepping ~*~*~tactically~*~*~ (hiding).
  1811 | D:3      | Reached skill level 1 in Dodging
  1811 | D:3      | 1811 ||| FLEEEEING.
  1812 | D:3      | 1812 ||| FLEEEEING.
  1813 | D:3      | 1813 ||| FLEEEEING.
  1814 | D:3      | 1814 ||| FLEEEEING.
  1815 | D:3      | 1815 ||| FLEEEEING.
  1816 | D:3      | 1816 ||| FLEEEEING.
  1850 | D:3      | 1850 ||| Stepping ~*~*~tactically~*~*~ (hiding).
  1971 | D:3      | Reached XP level 5. HP: 32/32 MP: 5/5
  2189 | D:3      | Noticed an ogre
  2198 | D:3      | Killed an ogre
  2199 | D:3      | 2199 ||| FLEEEEING.
  2200 | D:3      | 2200 ||| STAIRDANCE
  2225 | D:2      | 2225 ||| DROPPING scarf of invisibility.
  2226 | D:2      | 2226 ||| DRINKING 2 yellow potions.
  2227 | D:2      | 2227 ||| READING 2 scrolls of identify.
  2227 | D:2      | 2227 ||| IDENTIFYING bubbling puce potion
  2228 | D:2      | 2228 ||| DROPPING potion of magic.
  2444 | D:4      | 2444 ||| Stepping ~*~*~tactically~*~*~ (stealth).
  2448 | D:4      | Reached skill level 5 in Axes
  2503 | D:4      | 2503 ||| Stepping ~*~*~tactically~*~*~ (stealth).
  2509 | D:4      | 2509 ||| Stepping ~*~*~tactically~*~*~ (hiding).
  2559 | D:4      | Reached XP level 6. HP: 36/38 MP: 6/6
  2698 | D:4      | 2698 ||| READING scroll of enchant armour.
  2698 | D:4      | 2698 ||| ENCHANTING +1 cloak.
  2730 | D:4      | 2730 ||| Stepping ~*~*~tactically~*~*~ (hiding).
  2738 | D:4      | Reached XP level 7. HP: 43/44 MP: 7/7
  2744 | D:4      | 2744 ||| DROPPING +0 flail.
  2834 | D:4      | 2834 ||| Stepping ~*~*~tactically~*~*~ (hiding).
  2836 | D:4      | 2836 ||| Stepping ~*~*~tactically~*~*~ (hiding).
  2837 | D:4      | 2837 ||| Stepping ~*~*~tactically~*~*~ (hiding).
  3217 | D:4      | 3217 ||| UPGRADING to +4 ring of protection.
  3219 | D:4      | 3219 ||| READING scroll labelled FARANA XAVVIA.
  3251 | D:5      | Entered Level 5 of the Dungeon
  3364 | D:5      | Reached skill level 6 in Axes
  3541 | D:5      | Reached skill level 7 in Axes
  3567 | D:5      | Reached XP level 8. HP: 40/49 MP: 8/8
  3573 | D:5      | 3573 ||| FLEEEEING.
  3574 | D:5      | 3574 ||| FLEEEEING.
  3575 | D:5      | 3575 ||| FLEEEEING.
  3576 | D:5      | 3576 ||| FLEEEEING.
  3577 | D:5      | 3577 ||| FLEEEEING.
  3578 | D:5      | 3578 ||| FLEEEEING.
  3579 | D:5      | 3579 ||| FLEEEEING.
  3580 | D:5      | 3580 ||| FLEEEEING.
  3581 | D:5      | 3581 ||| FLEEEEING.
  3582 | D:5      | 3582 ||| FLEEEEING.
  3583 | D:5      | 3583 ||| FLEEEEING.
  3584 | D:5      | 3584 ||| FLEEEEING.
  3585 | D:5      | 3585 ||| FLEEEEING.
  3586 | D:5      | 3586 ||| FLEEEEING.
  3587 | D:5      | 3587 ||| FLEEEEING.
  3588 | D:5      | 3588 ||| FLEEEEING.
  3589 | D:5      | 3589 ||| FLEEEEING.
  3590 | D:5      | 3590 ||| FLEEEEING.
  3591 | D:5      | 3591 ||| FLEEEEING.
  3592 | D:5      | 3592 ||| FLEEEEING.
  3593 | D:5      | 3593 ||| FLEEEEING.
  3594 | D:5      | 3594 ||| FLEEEEING.
  3595 | D:5      | 3595 ||| FLEEEEING.
  3596 | D:5      | 3596 ||| FLEEEEING.
  3597 | D:5      | 3597 ||| STAIRDANCE
  3751 | D:5      | 3751 ||| Stepping ~*~*~tactically~*~*~ (stealth).
  3797 | D:5      | Reached skill level 8 in Axes
  3802 | D:5      | Found a sparkling altar of Nemelex Xobeh.
  3895 | D:5      | Found a staircase to the Ecumenical Temple.
  3896 | D:5      | 3896 ||| PLANNING TEMPLE
  3896 | D:5      | 3896 ||| READING scroll labelled MOM MONISYE.
  3914 | Temple   | Entered the Ecumenical Temple
  3920 | Temple   | 3920 ||| PLANNING OKAWARU WORSHIP
  4105 | Temple   | Became a worshipper of Warmaster Okawaru
  4105 | Temple   | 4105 ||| PLANNING D:1-11
  4142 | D:5      | Reached skill level 6 in Fighting
  4343 | D:5      | Found an opulent altar of Gozag.
  4345 | D:5      | 4345 ||| READING scroll labelled TIUKHU AHENAO.
  4346 | D:5      | 4346 ||| READING 2 scrolls of identify.
  4346 | D:5      | 4346 ||| IDENTIFYING lumpy emerald potion
  4387 | D:6      | 4387 ||| Stepping ~*~*~tactically~*~*~ (stealth).
  4488 | D:6      | Noticed a boulder beetle
  4489 | D:6      | 4489 ||| Stepping ~*~*~tactically~*~*~ (stealth).
  4527 | D:6      | Reached skill level 9 in Axes
  4550 | D:6      | HP: 8/51 [boulder beetle (9)]
  4551 | D:6      | 4551 ||| READING 2 scrolls of teleportation.
  4552 | D:6      | Slain by a boulder beetle

Levels and vault maps discovered:
D:1:      kennysheep_arrival_forest, layout_loops_ring, minmay_split_cup_small
D:2:      layout_rooms
D:3:      wander_river, layout_loops_ring, fedhas_altar_2
D:4:      layout_loops_cross
D:5:      minmay_chambers_of_threes, layout_loops_ring,
          grunt_temple_overflow_opulence, minmay_temple_entry_ruins,
          bh_walls_and_bars
D:6:      layout_layer_cave
Temple:   eino_temple_rhombus

Skill      XL: |  1  2  3  4  5  6  7  8 |
---------------+-------------------------+-----
Axes           | 2 3 4 5 7 9 |  9.0
Dodging        | 1 |  1.4
Fighting       | 4 5 6 |  6.0
Armour         | |  3.2
Shields        | |  3.2

Action                     |  1- 3 |  4- 6 |  7- 9 || total
---------------------------+-------+-------+-------++-------
  Melee: War axe           |    81 |    57 |   123 ||   261
  Throw: Boomerang         |       |     7 |    12 ||    19
    Use: Scroll            |     7 |     5 |     5 ||    17
         Potion            |       |     1 |       ||     1
 Armour: Scale mail        |    52 |    14 |    64 ||   130
  Dodge: Dodged            |    47 |    20 |    49 ||   116
  Block: Buckler           |    15 |     7 |    21 ||    43

Table legend:
 A = Non-vault XP
 B = Vault XP
 C = Vault XP percentage of total XP
 D = Non-vault monster count
 E = Vault monster count
 F = Vault count percentage of total count
                 A         B        C        D         E       F
            +---------+---------+-------+---------+---------+-------
      Total |    1465 |     789 |  35.0 |      92 |      15 |  14.0
            +---------+---------+-------+---------+---------+-------
        D:1 |      62 |       7 |  10.1 |      30 |       3 |   9.1
        D:2 |      42 |       0 |   0.0 |       8 |       0 |   0.0
        D:3 |     180 |       0 |   0.0 |      14 |       0 |   0.0
        D:4 |     366 |       0 |   0.0 |      25 |       0 |   0.0
        D:5 |     419 |     782 |  65.1 |      10 |      12 |  54.5
        D:6 |     396 |       0 |   0.0 |       5 |       0 |   0.0
            +---------+---------+-------+---------+---------+-------
